 Dungeon Crawl Stone Soup version 0.29.1-4-g47bece8355 (webtiles) character file.

Game seed: 14045777917120035457

6 mester the Grasshopper (level 1, 10/10 HPs)
             Began as a Spriggan Warper on Dec 1, 2022.
             Got out of the dungeon alive.
             The game lasted 00:04:23 (173 turns).

mester the Grasshopper (Spriggan Warper)             Turns: 173, Time: 00:04:23

Health: 10/10      AC:  2    Str:  7    XL:     1   Next: 75%
Magic:  5/5        EV: 17    Int: 14    God:
Gold:   3          SH:  0    Dex: 14    Spells: 5/5 levels left

rFire   . . .      SeeInvis +   a - +0 short sword
rCold   . . .      Faith    .   (no shield)
rNeg    . . .      Spirit   .   b - +0 robe
rPois   .          Reflect  .   (helmet restricted)
rElec   .          Harm     .   (no cloak)
rCorr   .          Rampage  .   (gloves unavailable)
Will    .....                   (boots unavailable)
Stlth   +.........              (no amulet)
HPRegen 0.03/turn               (no ring)
MPRegen 0.09/turn               (no ring)

@: very quick
A: very small, no large weapons, unfitting armour, see invisible, speed 3
a: no special abilities


You escaped.
You visited 1 branch of the dungeon, and saw 1 of its levels.

You collected 3 gold pieces.

Inventory:

Hand Weapons
 a - a +0 short sword (weapon)
Missiles
 d - 4 boomerangs of dispersal (quivered)
Armour
 b - a +0 robe (worn)
Scrolls
 c - a scroll of blinking
 e - a scroll of magic mapping {unknown}
 f - 2 scrolls of enchant armour {unknown}


   Skills:
 + Level 1.6 Fighting
 + Level 2.2 Short Blades
 + Level 1.0 Throwing
 + Level 3.3 Dodging
 + Level 2.8 Spellcasting
 + Level 4.7 Translocations


You had 5 spell levels left.
You didn't know any spells.
Your spell library contained the following spells:

 Spells                   Type           Power      Damage    Failure   Level
 Blink                    Tloc           30%        N/A       4%          2
 Gell's Gravitas          Tloc           15%        N/A       10%         3
 Lesser Beckoning         Tloc           15%        N/A       10%         3
 Teleport Other           Tloc           15%        N/A       10%         3
 Manifold Assault         Tloc           15%        N/A       65%         5


Dungeon Overview and Level Annotations

Branches:
Dungeon (1/15)

Altars:


Innate Abilities, Weirdness & Mutations

You are very small and have problems with some larger weapons.
You are too small for most types of armour.
You have supernaturally acute eyesight. (SInv)
You cover ground extremely quickly. (Speed+++)


Message History

[Y]es or [N]o only, please.
Save game and exit?
Okay, then.
Okay, then.
Okay, then.
You are a level 1 Spriggan Warper.
You are 66% of the way to level 2.
Play time: 00:03:21 (106 turns).
Zot will find you in 5929 turns if you stay in this branch and explore no new floors.
You aren't wearing any rings or amulets.
Okay, then.
You are a level 1 Spriggan Warper.
You are 66% of the way to level 2.
Play time: 00:03:39 (106 turns).
Zot will find you in 5929 turns if you stay in this branch and explore no new floors.
Unknown command.
Unknown command.
Unknown command.
What are your orders? t - Shout!
Orders for allies: a - Attack new target. r - Retreat! s - Stop attacking. g - Guard the area. f - Follow me.
Anything else - Cancel.
Okay, then.
Okay, then.
A ball python comes into view.
You hit the ball python.
You kill the ball python!
Press: ? - help, . - travel You can't see that place. [the floor.]
You see here 12 gold pieces.
There is an open door here.
There is an open door here.
Why would you want to do that? Why would you want to do that?
Why would you want to do that?
There is an open door here.
There is a staircase leading out of the dungeon here.
Are you sure you want to leave the Dungeon?
This will make you lose the game!
You have escaped!

##.#...........#
####..†.#####.###..#
#......##.......##
#..#..##.#######.##
#.[..## # ≈.##.##
#.##.# ##.#####.##.#
#..#.# #.##...##.#.#
#....# #.#.###.#.'.#
# #.##.#
#.#.#@'.#.#.# ###
#.##.# #.#.###.#.#.#
..###.##.#
#.'#.≈.##.#.#
#..##.##.#
##.#####.##.#
......##.#
##.....##.##
$......#.. ####### #
...#.#.##. .#.......
.#.#...#...


There were no monsters in sight!

Vanquished Creatures
  2 dart slugs (D:1)
  A ball python (D:1)
3 creatures vanquished.

Notes
Turn   | Place    | Note
-------+----------+-------------------------------------------
     0 | D:1      | mester the Spriggan Warper began the quest for the Orb.
     0 | D:1      | Reached XP level 1. HP: 10/10 MP: 5/5
   173 | D:$      | Got out of the dungeon alive.

Illustrated notes

Levels and vault maps discovered:
D:1:      evilmike_arrival_rings, layout_basic, serial_shops,
          nicolae_shop_advertising_works [nicolae_subvault_shop_adworks]

Action                   || total
-------------------------++-------
Melee: Short sword       ||     8
Throw: Boomerang         ||     3
Armor: Robe              ||     1
Dodge: Dodged            ||     3
